 Dungeon Crawl Stone Soup version 0.19-a0-585-ge40200b (webtiles) character file.

10864 nubinia the Thaumaturge (level 11, -1/66 HPs)
             Began as a High Elf Conjurer on June 9, 2016.
             Was a Priest of Hepliaklqana.
             Killed from afar by an ice statue (21 damage)
             ... with a bolt of cold
             ... in an ice cave.
             The game lasted 01:14:14 (13931 turns).

nubinia the Thaumaturge (High Elf Conjurer)        Turns: 13931, Time: 01:14:15

Health: -1/66      AC: 12    Str: 14      XL:     11   Next: 41%
Magic:  3/26       EV: 16    Int: 26      God:    Hepliaklqana [***...]
Gold:   718        SH:  0    Dex: 18 (19) Spells: 6 memorised, 12 levels left

rFire  + + .     SeeInvis +     a - +4 hand axe of Defence {flame, +Rage Int+4}
rCold  . . .     Gourm    .     W - +3 leather armour {rF+}
rNeg   . . .     Faith    .     (no shield)
rPois  .         Spirit   .     (no helmet)
rElec  .         Dismiss  +     y - +1 cloak
rCorr  .         Reflect  .     N - +1 pair of gloves
SustAt .         Harm     .     Y - +0 pair of boots {Stlth+}
MR     +....                    U - amulet of dismissal
Stlth  +++++.....               (no ring)
                                A - ring of see invisible

@: mighty, somewhat resistant to hostile enchantments, quite stealthy
A: thin skeletal structure 1, blurry vision 1, deterioration 1, fire resistance
1, strong 1
a: Recall Ancestor, Ancestor Identity, Transference, Renounce Religion, Evoke
Berserk Rage


You were in an ice cave.
You worshipped Hepliaklqana.
Hepliaklqana was most pleased with you.
You were very full.

You visited 3 branches of the dungeon, and saw 13 of its levels.
You also visited: Labyrinth and Ice Cave.

You collected 718 gold pieces.

Inventory:

Hand Weapons
 a - the +4 hand axe of Defence (weapon) {flame, +Rage Int+4}
   (You found it on level 8 of the Dungeon)

   It has been specially enchanted to burn those struck by it, causing extra
   injury to most foes and up to half again as much damage against particularly
   susceptible opponents.
   Big, fiery blades are also staple armaments of hydra-hunters.
   It affects your intelligence (+4).
   It lets you go berserk.
 b - a +1 shortbow
 s - a +0 falchion
 V - a +2 falchion of holy wrath
Missiles
 u - 119 arrows
Armour
 y - a +1 cloak (worn)
 N - a +1 pair of gloves (worn)
 S - a +3 leather armour of positive energy
 W - a +3 leather armour of fire resistance (worn)
 Y - a +0 pair of boots of stealth (worn)
Jewellery
 A - a ring of see invisible (left hand)
 D - an uncursed amulet of the gourmand
 U - an amulet of dismissal (around neck)
Wands
 i - a wand of heal wounds (7/9)
 t - a wand of lightning (9/15)
 w - a wand of iceblast (5/15)
 z - a wand of acid (5/15)
 B - a wand of digging (15/24)
 C - a wand of polymorph (7/24)
 J - a wand of flame (25/48)
 L - a wand of lightning (8/15)
 O - a wand of hasting (7/9)
 Q - a wand of slowing (35/48)
 T - a wand of iceblast (9/15)
Scrolls
 e - 3 scrolls of identify
 h - a scroll of blinking
 j - 2 scrolls of fog
 n - a scroll of amnesia
 p - 3 scrolls of remove curse
 I - 4 scrolls of teleportation
 R - a scroll of recharging
Potions
 d - 2 potions of invisibility
 f - 2 potions of flight
 g - 5 potions of curing
 k - a potion of cancellation
 o - a potion of haste
 q - 2 potions of berserk rage
 r - a potion of brilliance
 v - a potion of might
 E - a potion of resistance
Comestibles
 x - 10 slices of pizza


   Skills:
 + Level 2.9 Fighting
 + Level 3.1 Bows
 + Level 3.7 Armour
 + Level 5.8 Dodging
 + Level 6.5 Stealth
 + Level 10.3 Spellcasting
 + Level 9.7 Conjurations
 + Level 2.4 Hexes
 * Level 9.5 Charms
 * Level 5.3 Invocations


You had 12 spell levels left.
You knew the following spells:

 Your Spells              Type           Power        Failure   Level  Hunger
a - Magic Dart            Conj           ####         1%          1    None
b - Dazzling Spray        Conj/Hex       #####.       1%          3    None
c - Iskenderun's Mystic   Conj           ######..     1%          4    None
g - Shroud of Golubria    Chrm/Tloc      #####.....   1%          2    None
i - Iskenderun's Battles  Conj/Chrm      ######..     3%          5    ####...
R - Regeneration          Chrm/Necr      #####.....   2%          3    None


Dungeon Overview and Level Annotations

Branches:
Dungeon (10/15)            Temple (1/1) D:7            Lair (2/8) D:10
    Orc (0/2) D:9

Altars:
Ashenzari
Cheibriados
Dithmenos
Elyvilon
Fedhas
Gozag
Hepliaklqana
Kikubaaqudgha
Makhleb
Nemelex Xobeh
Okawaru
Pakellas
Qazlal
Sif Muna
Trog
Uskayaw
Vehumet
Xom
Yredelemnul
Zin
The Shining One

Shops:
D:9 %

Annotations:
D:3 Sigmund
D:4 Edmund IceCv exclusion: 2 ice statues


Innate Abilities, Weirdness & Mutations

You have a somewhat thin skeletal structure. (Dex +2, Stealth)
Scrolls take you a little longer to read.
Your body sometimes deteriorates upon taking damage.
Your flesh is heat resistant. (rF+)
Your muscles are strong. (Str +2)


Message History

The orb of energy explodes!
You are engulfed in freezing vapours.
Your battlesphere is engulfed in freezing vapours. x3
The ice beast closely misses you.
The ice statue gestures. x2
Unknown command.
Casting: Iskenderun's Mystic Blast
Confirm with . or Enter, or press ? or * to list all spells.
You don't have enough magic to cast that spell.
Unknown command.
Unknown command.
Really walk into that cloud of freezing vapour? [Y]es or [N]o only, please.
Really walk into that cloud of freezing vapour?
Okay, then.
You feel very mighty all of a sudden.
Your battlesphere is engulfed in freezing vapours.
The ice beast closely misses you. The ice statue gestures at you.
The bolt of cold hits you!
You die...

## # #### ####§#.##
##..## #### #8Y.....##
#....#####..####@§§.§..#
.......##....##§§Y§§...#
.∩.∩.......#....R*§§§§.#
..........###...Y.§§§§##
#....##..## ###..Y§§§§#
##..###### ##...§..#
#### 8......# #.....##
....##


You could see 2 ice statues, 4 ice beasts, a friendly battlesphere and the
friendly Publia the knight.

Vanquished Creatures
  A minotaur (Lab)
  Erolcha (D:10)
  2 spiny frogs (Lair:1)
  A rime drake (Lair:1)
  A minotaur zombie (Lab)
  A shadow (Lab)
  5 yaks
  A wyvern (D:9)
  A human (D:9)
  A hippogriff (D:8)
  A hungry ghost (Lab)
  Duvessa (D:5)
  2 water moccasins (Lair:1)
  A sky beast (D:10)
  An orc warrior (D:10)
  5 ogres
  A necrophage (D:5)
  3 slaves (D:4)
  A phantom (D:6)
  A centaur (D:7)
  A crocodile (Lair:1)
  6 wolves (Lair:1)
  9 giant frogs
  2 scorpions (D:9)
  Dowan (D:5)
  A wight (D:10)
  2 howler monkeys
  3 crimson imps (D:5)
  3 orc wizards
  5 orc priests
  Crazy Yiuf (D:5)
  3 hounds
  2 jellies
  A worker ant (D:8)
  4 sheep
  A gnoll (D:2)
  A river rat (Lair:1)
  7 adders
  A shadow imp (D:5)
  10 white imps
  An ooze (D:5)
  9 ufetubi (IceCv)
  2 adder skeletons
  5 worms
  2 dart slugs
  5 giant geckos
  20 orcs
  5 bats
  6 giant cockroaches
  11 goblins
  10 hobgoblins
  3 jackals (D:8)
  2 quokkas
  A ball python (D:3)
  5 giant newts
  A jackal skeleton (D:5)
  6 kobolds
  8 rats
198 creatures vanquished.

Vanquished Creatures (collateral kills)
  An unseen horror (D:10)
  A centaur zombie (D:10)
  A minotaur zombie (Lab)
  3 yaks (Lair:1)
  A hungry ghost (Lab)
  A hippogriff (Lair:1)
  Menkaure (D:6)
  A porcupine (Lair:1)
  An ice beast (D:8)
  A black bear (D:8)
  A necrophage (D:10)
  An ogre (D:7)
  A wolf (Lair:1)
  A centaur (D:5)
  2 giant frogs
  An electric eel (D:10)
  A howler monkey (D:8)
  3 wights (D:10)
  A giant frog zombie (D:9)
  2 hounds
  2 jellies
  An orc priest (D:9)
  3 orc wizards
  3 iguanas
  A killer bee zombie (D:5)
  2 sheep (Lair:2)
  A hound skeleton (D:10)
  2 mummies (D:10)
  3 adders
  3 white imps (Lair:2)
  An ooze (D:5)
  An adder zombie (D:9)
  A giant gecko (D:7)
  7 orcs
  A bat (D:3)
  A giant cockroach (D:5)
  A goblin (D:4)
  A jackal (D:8)
61 creatures vanquished.

Vanquished Creatures (others)
  2 knights
  5 white imps (IceCv)
  An ufetubus (IceCv)
  7 ancestors
  3 plants (Lair:1)
18 creatures vanquished.

Grand Total: 277 creatures vanquished

Notes
Turn   | Place    | Note
--------------------------------------------------------------
     0 | D:1      | nubinia the High Elf Conjurer began the quest for the Orb.
     0 | D:1      | Reached XP level 1. HP: 11/11 MP: 4/4
   232 | D:1      | Gained mutation: You have a somewhat thin skeletal structure. (Dex +2, Stealth) [potion of mutation]
   232 | D:1      | Gained mutation: Scrolls take you a little longer to read. [potion of mutation]
   232 | D:1      | Gained mutation: Your body sometimes deteriorates upon taking damage. [potion of mutation]
   233 | D:1      | Gained mutation: Your muscles are strong. (Str +2) [potion of mutation]
   233 | D:1      | Gained mutation: Your flesh is heat resistant. (rF+) [potion of mutation]
   240 | D:1      | Reached XP level 2. HP: 17/17 MP: 1/6
   705 | D:1      | Reached skill level 5 in Conjurations
  1078 | D:2      | Reached XP level 3. HP: 21/21 MP: 6/8
  1234 | D:2      | Reached skill level 3 in Spellcasting
  1334 | D:2      | Learned a level 3 spell: Dazzling Spray
  1568 | D:2      | Reached XP level 4. HP: 27/27 MP: 3/10
  2735 | D:3      | Noticed Sigmund
  3092 | D:3      | Reached skill level 4 in Spellcasting
  3221 | D:3      | Reached XP level 5. HP: 24/32 MP: 1/12
  3235 | D:3      | Learned a level 5 spell: Iskenderun's Battlesphere
  3378 | D:3      | Found a hazy altar of Hepliaklqana.
  3384 | D:3      | Became a worshipper of Hepliaklqana
  3422 | D:3      | Reached skill level 1 in Charms
  3579 | D:4      | Found an opulent altar of Gozag.
  3588 | D:4      | Noticed a slave
  3588 | D:4      | Noticed a slave
  3589 | D:4      | Noticed a slave
  3626 | D:4      | Found a sparkling altar of Nemelex Xobeh.
  3635 | D:4      | Noticed Edmund
  3773 | D:4      | Found a shattered altar of Ashenzari.
  3823 | D:4      | Found a glowing golden altar of the Shining One.
  3841 | D:4      | Killed a slave
  3999 | D:4      | Reached * piety under Hepliaklqana
  4161 | D:4      | Noticed a slave
  4175 | D:4      | Killed a slave
  4275 | D:4      | Killed a slave
  4524 | D:5      | Entered Level 5 of the Dungeon
  4539 | D:5      | Reached XP level 6. HP: 37/37 MP: 8/13
  5093 | D:5      | Noticed Crazy Yiuf
  5099 | D:5      | Paralysed by Crazy Yiuf for 5 turns
  5226 | D:5      | Reached skill level 5 in Spellcasting
  5226 | D:5      | Reached XP level 7. HP: 42/42 MP: 8/15
  5592 | D:5      | Found a shadowy altar of Dithmenos.
  5924 | D:6      | Reached skill level 5 in Charms
  6123 | D:6      | Found a white marble altar of Elyvilon.
  6168 | D:6      | Noticed Menkaure
  6175 | D:6      | Killed Menkaure
  6438 | D:5      | Noticed Dowan
  6446 | D:5      | Killed Dowan
  6446 | D:5      | Reached skill level 6 in Spellcasting
  6464 | D:5      | Noticed Duvessa
  6552 | D:5      | Killed Crazy Yiuf
  6791 | D:5      | Reached XP level 8. HP: 47/47 MP: 9/18
  6845 | D:5      | Killed Duvessa
  7100 | D:6      | Reached skill level 1 in Fighting
  7366 | D:6      | Reached ** piety under Hepliaklqana
  7368 | D:6      | Remembered your ancestor Publia as a knight
  7577 | D:7      | Found a hide-covered altar of Uskayaw.
  7698 | D:7      | Found a staircase to the Ecumenical Temple.
  7705 | Temple   | Entered the Ecumenical Temple
  7884 | D:7      | Reached skill level 7 in Spellcasting
  7901 | D:7      | Reached *** piety under Hepliaklqana
  8528 | D:8      | Reached skill level 5 in Stealth
  8537 | D:8      | Reached skill level 1 in Armour
  8737 | D:8      | Got a bone hand axe
  8738 | D:8      | Identified the +4 hand axe of Defence {flame, +Rage Int+4} (You found it on level 8 of the Dungeon)
  8758 | D:8      | Reached XP level 9. HP: 44/53 MP: 21/21
  8835 | D:8      | Found an ancient bone altar of Kikubaaqudgha.
  9388 | D:9      | Found a staircase to the Orcish Mines.
  9435 | D:9      | Learned a level 4 spell: Iskenderun's Mystic Blast
  9470 | D:9      | Reached skill level 1 in Hexes
  9793 | D:9      | Reached skill level 5 in Dodging
 10121 | D:9      | Reached skill level 8 in Spellcasting
 10224 | D:9      | Found Medum's Food Boutique.
 10225 | D:9      | Found a bloodstained altar of Trog.
 10281 | D:10     | Entered Level 10 of the Dungeon
 10288 | D:10     | Reached **** piety under Hepliaklqana
 10474 | D:10     | Reached XP level 10. HP: 61/61 MP: 15/23
 10705 | D:10     | Found a burning altar of Makhleb.
 10861 | D:10     | Identified the Collected Works on Translocation and Black Magic
 10865 | D:10     | Learned a level 2 spell: Shroud of Golubria
 10908 | D:10     | Reached skill level 1 in Bows
 10908 | D:10     | Reached skill level 1 in Invocations
 10921 | D:10     | Found a staircase to the Lair.
 11056 | D:10     | Killed an unseen horror
 11244 | D:10     | Noticed Erolcha
 11288 | D:10     | Killed Erolcha
 11707 | Lair:1   | Entered Level 1 of the Lair of Beasts
 11717 | Lair:1   | Noticed a spiny frog
 11731 | Lair:1   | Noticed a spiny frog
 11750 | Lair:1   | Killed a spiny frog
 11750 | Lair:1   | Reached skill level 9 in Spellcasting
 11841 | Lair:1   | Found a labyrinth entrance.
 11855 | Lab      | Entered a labyrinth
 12142 | Lab      | Noticed a minotaur
 12147 | Lab      | Killed a minotaur
 12151 | Lab      | Identified the Guide on Unstable Stolen Souls
 12506 | Lab      | Reached XP level 11. HP: 53/66 MP: 15/25
 12638 | Lair:1   | Reached skill level 10 in Spellcasting
 13058 | Lair:1   | Reached skill level 5 in Invocations
 13165 | Lair:1   | Learned a level 3 spell: Regeneration
 13669 | Lair:2   | Found a frozen archway.
 13787 | IceCv    | Entered an ice cave
 13931 | IceCv    | Killed from afar by an ice statue

Vault maps used:
D:1:      eino_arrival_cavern_e
D:3:      old_standard_altar, uniq_sigmund
D:4:      nicolae_overflow_crystal_walls,
          nicolae_gozag_cash_rules_everything_around_me,
          nemelex_xobeh_ov_fountains_minmay, corexii_checkpoint_a,
          evilmike_ruin_ashenzari, uniq_edmund, uniq_pikel
D:5:      nicolae_dithmenos_the_darkroom, first_bread, uniq_duvessa,
          uniq_crazy_yiuf_cottage
D:6:      elyvilon_altar_3, uniq_menkaure
D:7:      old_standard_altar, nicolae_overflow_hidden_temple,
          minmay_temple_entry_butterflies
D:8:      kiku_gazebo_pond_becter
D:9:      overflow_temple_1_default, orc_0_dummy, serial_shops, shop,
          grunt_livestock, hangedman_abyss_or_decor_stagger
D:10:     lair_0_dummy, serial_undead, serial_undead_b, serial_undead_b,
          serial_undead_d, serial_undead_b, basic_altar, uniq_erolcha
Temple:   circular_temple_pool_12
Lair:1:   beast_lair_carwin_large_1, lab_entry_generic
Lair:2:   portal_ice_cave_entry_imps, grunt_forest_small_clearings
Lab:      labyrinth_hidden_loot, nicolae_lab_statue, nicolae_lab_lava,
          nicolae_lab_blocks, labyrinth_skeletal_remains
IceCv:    ice_cave_small_demon

Skill      XL: |  1  2  3  4  5  6  7  8  9 10 11 |
---------------+----------------------------------+-----
Conjurations   | 5 6 7 8 9 |  9.7
Spellcasting   | 3 4 5 6 7 8 9 10 | 10.3
Charms         | 3 4 5 6 8 9 |  9.5
Stealth        | 3 4 5 6 |  6.5
Dodging        | 3 5 |  5.8
Fighting       | 1 2 |  2.9
Armour         | 1 3 |  3.7
Hexes          | 1 2 |  2.4
Bows           | 3 |  3.1
Invocations    | 4 5 |  5.3

Action                   |  1- 3 |  4- 6 |  7- 9 | 10-12 || total
-------------------------+-------+-------+-------+-------++-------
Melee: Dagger            |     1 |    15 |     7 |       ||    23
       Falchion          |       |       |    32 |       ||    32
       Hand axe          |       |       |    41 |    27 ||    68
 Fire: Shortbow          |       |       |     8 |    10 ||    18
 Cast: Magic Dart        |    70 |   155 |   151 |   138 ||   514
       Dazzling Spray    |       |     8 |    25 |    16 ||    49
       Iskenderun's Batt |       |       |    10 |    23 ||    33
       Iskenderun's Myst |       |       |       |    10 ||    10
Invok: Recall Ancestor   |       |       |     1 |       ||     1
       Ancestor Life: Kn |       |       |     1 |       ||     1
Evoke: Wand              |       |       |       |     1 ||     1
  Use: Potion            |     2 |       |     3 |     2 ||     7
       Scroll            |     4 |     1 |    12 |     5 ||    22
 Stab: Sleeping          |       |     6 |     6 |     1 ||    13
       Invisible         |       |       |     4 |       ||     4
       Distracted        |       |       |       |     1 ||     1
  Eat: Chunk             |     2 |    11 |    13 |    30 ||    56
       Meat ration       |       |       |     1 |       ||     1
Armor: Robe              |       |     9 |     7 |       ||    16
       Leather armour    |       |       |    50 |    23 ||    73
Dodge: Dodged            |     2 |    31 |    99 |    49 ||   181
